 Dungeon Crawl Stone Soup version 0.31-a0-1-g4198be8af4 (webtiles) character file.

Game seed: 13165996843492378636

23 bmack86 the Shield-Bearer (level 2, 0/27 HPs)
             Began as a Minotaur Fighter on May 1, 2023.
             Slain by a gnoll
             ... wielding a +0 flail
              (7 damage)
             ... on level 2 of the Dungeon.
             The game lasted 00:01:32 (958 turns).

bmack86 the Shield-Bearer (Minotaur Fighter)         Turns: 958, Time: 00:01:34

Health: 0/27       AC:  7    Str: 20    XL:     2   Next: 75%
Magic:  1/1        EV:  9    Int:  5    God:
Gold:   117        SH:  4    Dex:  9    Spells: 1/1 levels left

rFire   . . .        a - +0 war axe
rCold   . . .        c - +0 buckler
rNeg    . . .        b - +0 scale mail
rPois   .            (helmet restricted)
rElec   .            (no cloak)
rCorr   .            (no gloves)
SInv    .            (no boots)
Will    .....        (no amulet) Stlth
                     (no ring)
HPRegen 0.24/turn    (no ring)
MPRegen 0.07/turn

%: no passive effects
@: no status effects
A: horns 2, retaliatory headbutt
a: no special abilities


You were on level 2 of the Dungeon.
You visited 1 branch of the dungeon, and saw 2 of its levels.

You collected 117 gold pieces.

Inventory:

Hand Weapons
 a - a +0 war axe (weapon)
Armour
 b - a +0 scale mail (worn)
 c - a +0 buckler (worn)
Jewellery
 e - a ring of magical power
Potions
 d - a potion of might
 g - a potion of haste {unknown}
 h - a potion of attraction {unknown}


   Skills:
 + Level 3.9 Fighting
 * Level 3.2 Axes
 + Level 3.9 Armour
 + Level 3.9 Shields


You had one spell level left.
You didn't know any spells.
Your spell library contained the following spells:

 Spells                   Type           Power      Damage    Failure   Level
 Hailstorm                Conj/Ice       0%         3d3       99%         3
 Ice Form                 Ice/Tmut       0%         N/A       100%        4
 Simulacrum               Ice/Necr       0%         N/A       100%        6


Dungeon Overview and Level Annotations

Branches:
Dungeon (2/15)

Altars:


Innate Abilities, Weirdness & Mutations

You have a pair of horns on your head.
You reflexively headbutt those who attack you in melee.


Message History

There is an open door here.
Found 16 gold pieces.
The kobold hits you with a +0 whip.
You hit the kobold.
You kill the kobold!
Things that are here:
a +0 whip; 3 stones; a kobold corpse You now have 101 gold pieces (gained 16).
You open the door.
A hobgoblin comes into view.
The hobgoblin shouts!
Found 16 gold pieces.
A hobgoblin is nearby!
There is an open door here.
You slash the hobgoblin!
You kill the hobgoblin!
You now have 117 gold pieces (gained 16).
Found a stone staircase leading up.
A gnoll comes into view. It is wielding a +0 flail.
The gnoll shouts!
A gnoll is nearby! 2 gnolls come into view.
The gnoll shouts!
The gnoll hits you but does no damage.
You barely miss the gnoll. You hit the gnoll. The gnoll closely misses you.
The gnoll completely misses you.
You barely miss the gnoll. You closely miss the gnoll.
The gnoll hits you with a +0 whip. The gnoll hits you with a +0 flail!
You hit the gnoll. You headbutt the gnoll.
The gnoll is heavily wounded.
You barely miss the gnoll. The gnoll hits you with a +0 flail.
The gnoll hits you with a +0 flail!
* * * LOW HITPOINT WARNING * * *
The gnoll hits you but does no damage.
You slash the gnoll!
The gnoll is severely wounded.
You hit the gnoll. You barely miss the gnoll. The gnoll closely misses you.
You furiously retaliate!
You headbutt the gnoll!
You kill the gnoll!
The gnoll hits you with a +0 flail!
You die...

### ### ### #.#
.....##.#####
#........# #
#.##.###.#
#.####.##.# #.#
.....#.##.###.#######
#....#............#
#.#gg...#.#.#####.#
#.)@........#
#..<...##.#####
#########.# #.# #+#


You could see 2 gnolls.

Vanquished Creatures
  A gnoll (D:2)
  A dart slug (D:1)
  2 ball pythons (D:1)
  An endoplasm (D:2)
  3 goblins (D:1)
  3 hobgoblins
  3 jackals (D:1)
  2 kobolds
  2 bats (D:1)
  2 rats
20 creatures vanquished.

Notes
Turn   | Place    | Note
-------+----------+-------------------------------------------
     0 | D:1      | bmack86 the Minotaur Fighter began the quest for the Orb.
     0 | D:1      | Reached XP level 1. HP: 19/19 MP: 0/0
    80 | D:1      | Reached XP level 2. HP: 27/27 MP: 1/1
   958 | D:2      | Slain by a gnoll

Illustrated notes

Levels and vault maps discovered:
D:1:      minmay_arrival_doors, layout_loops_ring, minmay_misc_feat_nine_boxes
D:2:      layout_loops_corners, serial_shops, nicolae_shop_tiny_real_fake_doors,
          uniq_jessica

Skill      XL: |  1  2 |
---------------+-------+-----
Axes           | 3 |  3.2
Fighting       | |  3.9
Armour         | |  3.9
Shields        | |  3.9

Action                     || total
---------------------------++-------
  Melee: War axe           ||    30
         Headbutt          ||     3
    Use: Scroll            ||     3
 Armour: Scale mail        ||    14
  Dodge: Dodged            ||    25
  Block: Buckler           ||     7

Table legend: (Time is in decaauts)
 A = Elapsed time spent in this place.
 B = Non-inter-level travel time spent in this place.
 C = Inter-level travel time spent in this place.
 D = Time resting spent in this place.
 E = Time spent auto-exploring this place.
 F = Levels seen in this place.
 G = Mean time per level.
                   A        B        C        D        E       F      G
               +--------+--------+--------+--------+--------+-----+--------+
         Total |    969 |    908 |     61 |      0 |    745 |   2 |  484.5 |
       Dungeon |    969 |    908 |     61 |      0 |    745 |   2 |  484.5 |
               +--------+--------+--------+--------+--------+-----+--------+

Top non-repeatable levels by time:
     D:1: 789 daAuts
     D:2: 180 daAuts
